 Dungeon Crawl Stone Soup version 0.31.0-12-g77e489cdc1 (webtiles) character file.

Game seed: 9206036451245315389

3927 chippings the Changeling (level 10, 0/84 HPs)
             Began as a Purple Draconian Shapeshifter on Mar 4, 2024.
             Was a Believer of Fedhas.
             Slain by Amaemon
             ... wielding a +1 demon whip of venom
              (1 damage)
             ... on level 8 of the Dungeon.
             The game lasted 00:18:21 (7024 turns).

chippings the Changeling (DrSh)                     Turns: 7024, Time: 00:18:21

Health: 0/84       AC: 13    Str: 20    XL:     10   Next: 1%
Magic:  13/13      EV: 18    Int: 10    God:    Fedhas [**....]
Gold:   155        SH:  0    Dex: 12    Spells: 9/9 levels left

rFire   . .          .
                       - Unarmed
rCold   . . .        (shield currently unavailable)
rNeg    . . .        (body armour unavailable)
rPois   +            j - +0 hat
rElec   .            v - +0 cloak
rCorr   +            (no gloves)
SInv    .            s - +0 pair of boots
Will    ++...        (no amulet)
Stlth   +            r - ring "Yluda" {rPois Will+ rCorr}
HPRegen 0.34/turn    E - +4 ring of protection
MPRegen 0.13/turn

%: no passive effects
@: mighty, lethally poisoned (0 -> -39), flux-form, slowed, glowing, very slow
A: glow, contaminating, breathe power, AC +7, unfitting armour, cold-blooded
a: Breathe Dispelling Energy, Begin Untransformation, Renounce Religion, Wall of
Briars


You were on level 8 of the Dungeon.
You worshipped Fedhas.
Fedhas was pleased with you.
You were something dangerously unstable.
You visited 2 branches of the dungeon, and saw 9 of its levels.

You collected 408 gold pieces.
You spent 253 gold pieces at shops.

Inventory:

Missiles
 D - a curare-tipped dart (quivered)
Armour
 j - a +0 hat (worn)
 s - a +0 pair of boots (worn)
 v - a +0 cloak (worn)
 y - the +0 robe "Xycsyekk" {Dex+4}
   (You found it on level 6 of the Dungeon)

   Dex+4:     It affects your dexterity (+4).
Jewellery
 r - the ring "Yluda" (left hand) {rPois Will+ rCorr}
   (You found it on level 5 of the Dungeon)

   [ring of willpower]

   rPois:     It protects you from poison Will+: It increases your willpower.
   rCorr:     It protects you from acid and corrosion.
 E - a +4 ring of protection (right hand)
Talismans
 b - a beast talisman
 c - a flux talisman (active)
Wands
 x - a wand of flame (27)
 F - a wand of polymorph (11)
Scrolls
 e - 14 scrolls of identify {unknown}
 i - 2 scrolls of amnesia {unknown}
 k - a scroll of enchant weapon {unknown}
 m - 2 scrolls of revelation {unknown}
 o - a scroll of blinking {unknown}
 q - a scroll of silence {unknown}
 t - a scroll of immolation {unknown}
 w - a scroll of enchant armour {unknown}
 B - a scroll of poison {unknown}
 C - a scroll of teleportation {unknown}
Potions
 a - 2 potions of lignification
 d - 2 potions of heal wounds
 f - 3 potions of degeneration
 g - a potion of invisibility
 h - 2 potions of mutation {unknown}
 l - 2 potions of curing {unknown}
 n - 3 potions of enlightenment
 p - 2 potions of might
 u - 2 potions of attraction
 z - a potion of haste {unknown}
 A - a potion of ambrosia {unknown}
 G - a potion of berserk rage


   Skills:
 + Level 6.5 Fighting
 + Level 5.5 Dodging
 + Level 4.6 Stealth
 + Level 6.5 Unarmed Combat
 + Level 5.0 Invocations
 * Level 7.7 Shapeshifting


You had 9 spell levels left.
You didn't know any spells.
Your spell library contained the following spells:

 Spells                   Type           Power      Damage    Failure   Level
 Summon Small Mammal      Summ           0%         N/A       36%         1
 Call Imp                 Summ           0%         N/A       50%         2
 Mercury Vapours          Alch/Air       0%         N/A       50%         2
 Scorch                   Fire           0%         2d5       50%         2
 Sublimation of Blood     Necr           0%         N/A       50%         2
 Call Canine Familiar     Summ           0%         N/A       75%         3
 Dazzling Flash           Conj/Hex       0%         N/A       75%         3
 Mephitic Cloud           Conj/Alch/Air  0%         N/A       75%         3
 Volatile Blastmotes      Fire/Tloc      0%         2d10      75%         3
 Flame Wave               Conj/Fire      0%         2d4       98%         4
 Petrify                  Alch/Erth      0%         N/A       98%         4
 Summon Blazeheart Golem  Fire/Summ      0%         N/A       98%         4
 Freezing Cloud           Conj/Ice/Air   0%         6-21      100%        5
 Irradiate                Conj/Alch      0%         3d11      100%        5
 Starburst                Conj/Fire      0%         6d3       100%        6
 Summon Cactus Giant      Summ           0%         N/A       100%        6
 Summon Hydra             Summ           0%         N/A       100%        7
 Maxwell's Capacitive Co  Air            0%         ∞         100%        8


Dungeon Overview and Level Annotations

Branches:
Dungeon (8/15)             Temple (1/1) D:5
   Lair: D:8-11

Altars:
Ashenzari
Cheibriados
Dithmenos
Elyvilon
Fedhas
Gozag
Hepliaklqana
Kikubaaqudgha
Makhleb
Nemelex Xobeh
Okawaru
Qazlal
Ru
Sif Muna
Trog
Uskayaw
Vehumet
Wu Jian
Xom
The Shining One

Shops:
D:5 !

Annotations:
D:6 2 transporters, misterblockey's ghost, novice DjCj
D:8 Amaemon


Innate Abilities, Weirdness & Mutations

You are something dangerously unstable.
You glow with magical radiation, making you easy to see and hit.
Foes you strike become dangerously contaminated with magical radiation.
You are incapable of wielding weapons or throwing items.
You can breathe bolts of dispelling energy.
Your rich purple scales are hard. (AC +7)
You cannot fit into any form of body armour.
You are cold-blooded and may be slowed by cold attacks.


Message History

Amaemon poisons you! The orange demon stings you from afar!
You punch Amaemon!
Amaemon begins to glow.
Amaemon is lightly wounded.
You feel very sick.
You punch Amaemon!
Amaemon glows dangerously bright.
Amaemon is moderately wounded.
You feel very sick.
Amaemon gestures at the orange demon while chanting.
The orange demon's venom grows more potent.
The orange demon closely misses you.
You hit Amaemon.
Amaemon shudders as magic cascades through him!
Amaemon twists and deforms.
Amaemon is moderately wounded.
You feel very sick. Amaemon hits you but does no damage.
Amaemon barely misses you. Amaemon tail-slaps you.
* * * LOW HITPOINT WARNING * * *
The orange demon misses you.
You punch Amaemon!
Amaemon begins to glow.
Amaemon is heavily wounded.
You feel very sick. Amaemon barely misses you. Amaemon closely misses you. x2
The orange demon stings you from afar!
* * * LOW HITPOINT WARNING * * *
You are more poisoned.
You have difficulty breathing.
* * * LOW HITPOINT WARNING * * *
You feel yourself slow down.
You feel much better.
* * * LOW HITPOINT WARNING * * *
You feel extremely sick.
Amaemon hits you with a +1 demon whip of venom!
* * * LOW HITPOINT WARNING * * *
Amaemon claws you.
* * * LOW HITPOINT WARNING * * *
Amaemon completely misses you. The orange demon misses you. x2
Amaemon hits you with a +1 demon whip of venom.
You die...
Fedhas appreciates your contribution to the ecosystem.

#....#......+.........
....#
#......#.........
.....
#......#.........
.....
#......#.........
.....
#......#.........
####. #......#....##+
## #......#....#
#......'....#
########p6..# #
........#4###..###
........#.........
........#.........
........#.........
........#.........
........##########
#########


You could see Amaemon (contam, misshapen) and an orange demon (curare).

Vanquished Creatures
  An unseen horror (D:7)
  A wraith (D:7)
  5 yaks (D:8)
  Edmund (D:6)
  A steam dragon (D:8)
  Menkaure (D:6)
  2 water moccasins (D:7)
  An orc warrior (D:7)
  A black bear (D:5)
  2 ice beasts
  2 ogres (D:5)
  2 phantoms
  2 kobold brigands (D:7)
  3 bullfrogs (D:8)
  4 scorpions
  4 wights (D:7)
  A howler monkey (D:6)
  2 jellies (D:6)
  4 hounds
  3 orc priests (D:7)
  A gnoll bouda (D:7)
  2 orc wizards
  4 iguanas
  9 adders
  4 gnolls (D:7)
  3 white imps
  3 dart slugs
  4 ribbon worms
  10 orcs
  8 endoplasms
  3 giant cockroaches
  5 goblins
  7 hobgoblins
  7 jackals
  14 kobolds
  2 quokkas (D:3)
  8 ball pythons
  4 bats
  4 frilled lizards
  26 rats
171 creatures vanquished.

Vanquished Creatures (others)
  A ghoul (D:1)
  A merfolk (D:1)
  2 vampires (D:1)
  A human (D:1)
  2 onis (D:1)
  2 barachim (D:1)
  A mummy (D:1)
  A gnoll (D:1)
  A kobold (D:1)
  5 tentacles (D:1)
17 creatures vanquished.

Grand Total: 188 creatures vanquished

Notes
Turn   | Place    | Note
-------+----------+-------------------------------------------
     0 | D:1      | chippings the Draconian Shapeshifter began the quest for
                  | the Orb.
     0 | D:1      | Reached XP level 1. HP: 16/16 MP: 1/1
     0 | D:1      | Noticed a human
     0 | D:1      | Noticed a ghoul
     0 | D:1      | Noticed a barachi
     0 | D:1      | Noticed a vampire
     0 | D:1      | Noticed an oni
     0 | D:1      | Noticed a kraken
     0 | D:1      | Noticed an oni
     0 | D:1      | Noticed a vampire
     0 | D:1      | Noticed a barachi
     0 | D:1      | Noticed a merfolk
     2 | D:1      | Killed a barachi
     5 | D:1      | Killed a barachi
     7 | D:1      | Killed a human
     7 | D:1      | Killed a vampire
     7 | D:1      | Killed an oni
     8 | D:1      | Killed an oni
     9 | D:1      | Killed a merfolk
    10 | D:1      | Killed a vampire
    12 | D:1      | Killed a ghoul
   234 | D:1      | Reached XP level 2. HP: 18/23 MP: 2/2
   252 | D:1      | Found a faded altar of an unknown god.
   368 | D:1      | You fall into a shaft and drop 1 floor!
   880 | D:2      | Reached XP level 3. HP: 29/29 MP: 3/3
  1076 | D:2      | Found a burning altar of Makhleb.
  1251 | D:2      | Reached XP level 4. HP: 37/37 MP: 4/4
  2009 | D:3      | Reached XP level 5. HP: 17/44 MP: 5/5
  2728 | D:4      | Noticed a phantom
  2740 | D:4      | Killed a phantom
  2741 | D:4      | Reached skill level 4 in Shapeshifting
  2741 | D:4      | Reached XP level 6. HP: 47/51 MP: 6/6
  2983 | D:5      | Entered Level 5 of the Dungeon
  2987 | D:5      | Identified the ring "Yluda" {rPois Will+ rCorr}
  3085 | D:5      | Found a staircase to the Ecumenical Temple.
  3091 | Temple   | Entered the Ecumenical Temple
  3098 | Temple   | Became a worshipper of Fedhas Madash
  3386 | D:5      | Your scales start taking on a rich purple colour.
  3386 | D:5      | Reached XP level 7. HP: 46/58 MP: 7/7
  3448 | D:5      | Found Magotif's Distillery.
  3459 | D:5      | Bought a potion of might for 44 gold pieces
  3459 | D:5      | Bought a potion of heal wounds for 55 gold pieces
  3459 | D:5      | Bought a potion of berserk rage for 55 gold pieces
  3459 | D:5      | Bought a potion of enlightenment for 55 gold pieces
  3459 | D:5      | Bought a potion of degeneration for 11 gold pieces
  3459 | D:5      | Bought a potion of attraction for 33 gold pieces
  3492 | D:5      | Reached skill level 1 in Stealth
  3534 | D:5      | Reached skill level 1 in Invocations
  3768 | D:5      | Reached skill level 5 in Shapeshifting
  4137 | D:6      | Found a stormy altar of Qazlal.
  4276 | D:6      | Identified the +0 robe "Xycsyekk" {Dex+4}
  4399 | D:6      | Noticed Edmund
  4405 | D:6      | Reached skill level 5 in Unarmed Combat
  4405 | D:6      | Reached XP level 8. HP: 45/67 MP: 9/9
  4408 | D:6      | Reached * piety under Fedhas
  4430 | D:6      | Killed Edmund
  4771 | D:6      | Found a transporter.
  4774 | D:6      | Found a transporter.
  4775 | D:6      | Noticed misterblockey's ghost (novice DjCj)
  4781 | D:6      | Noticed a queen bee
  4834 | D:6      | Reached skill level 5 in Fighting
  5224 | D:6      | Noticed Menkaure
  5232 | D:6      | Killed Menkaure
  5233 | D:6      | Reached skill level 6 in Shapeshifting
  5402 | D:7      | Noticed an unseen horror
  5411 | D:7      | Killed an unseen horror
  5553 | D:7      | Reached XP level 9. HP: 48/74 MP: 11/11
  6171 | D:7      | Reached skill level 5 in Dodging
  6171 | D:7      | Reached skill level 7 in Shapeshifting
  6175 | D:7      | Reached ** piety under Fedhas
  6787 | D:8      | Reached skill level 5 in Invocations
  7007 | D:8      | Reached XP level 10. HP: 41/84 MP: 13/13
  7010 | D:8      | Noticed Amaemon
  7011 | D:8      | Noticed an orange demon
  7024 | D:8      | HP: 2/84 [Amaemon/+1 demon whip of venom (9)]
  7024 | D:8      | Slain by Amaemon

Illustrated notes

Levels and vault maps discovered:
D:1:      nicolae_arrival_kraken_aquarium_a, layout_basic,
          ebering_ecumenical_altar_rust, serial_bayou_pond_a
D:2:      layout_basic, basic_altar
D:3:      wander_river, layout_basic, minmay_rat_hole
D:4:      layout_basic, serial_park_tiny_1
D:5:      layout_loops_ring, minmay_temple_entry_fiery, serial_shops,
          nicolae_shop_industrial_runoff
D:6:      layout_basic, lemuel_doored_altar, gammafunk_ghost_hive, uniq_edmund,
          uniq_menkaure
D:7:      layout_loops_ring
D:8:      layout_gridville, minmay_misc_feat_five, uniq_amaemon
Temple:   compressed_dpeg_triangle_lava_temple

Skill      XL: |  1  2  3  4  5  6  7  8  9 |
---------------+----------------------------+-----
Fighting       | 2 3 4 5 6 |  6.5
Dodging        | 2 3 4 5 |  5.5
Unarmed Combat | 4 5 6 |  6.5
Shapeshifting  | 4 5 6 7 |  7.7
Stealth        | 2 3 4 |  4.6
Invocations    | 2 3 5 |  5.0

Action                     |  1- 3 |  4- 6 |  7- 9 | 10-12 || total
---------------------------+-------+-------+-------+-------++-------
  Melee: Unarmed           |    98 |   173 |   341 |     6 ||   618
         Tailslap          |    10 |    26 |    67 |     1 ||   104
         Punch             |     3 |     5 |     2 |       ||    10
Ability: Breathe Dispellin |       |       |     1 |       ||     1
    Use: Potion            |       |     1 |     2 |     2 ||     5
   Stab: Sleeping          |     1 |       |     2 |       ||     3
 Armour: Skin              |    55 |    75 |   154 |    10 ||   294
  Dodge: Dodged            |    57 |    86 |   182 |    12 ||   337
   Form: Beast             |     1 |       |     2 |       ||     3
         Flux              |       |       |     3 |       ||     3
